 Dungeon Crawl Stone Soup version 0.23.1 (webtiles) character file.

Game seed: 1649920875054706085

781 Borgoz the Sneak (level 7, -1/59 HPs)
             Began as a Ghoul Enchanter on Mar 3, 2019.
             Slain by an orc
             ... wielding a +0 trident
              (9 damage)
             ... on level 5 of the Dungeon.
             The game lasted 00:11:08 (3480 turns).

Borgoz the Sneak (Ghoul Enchanter)                  Turns: 3480, Time: 00:11:10

Health: -1/59      AC:  7    Str: 17      XL:     7   Next: 85%
Magic:  10/10      EV: 11    Int:  9 (10) God:
Gold:   150        SH:  0    Dex: 10 (11) Spells: 5/11 levels left

rFire    . . .     SeeInvis .   a - +2 dagger
rCold    + . .     Gourm    .   (no shield)
rNeg     + + +     Faith    .   k - +0 ring mail
rPois    ∞         Spirit   .   x - +0 helmet
rElec    .         Reflect  .   w - +0 cloak
rCorr    .         Harm     .   (no gloves)
MR       .....                  (no boots)
Stlth    ++........             (no amulet)
HPRegen  0.00/turn              (no ring)
MPRegen  0.12/turn              (no ring)

@: mighty, rotting
A: rotting body, claws 1, carnivore, cold resistance 1, negative energy
resistance 3, inhibited regeneration, torment resistance, unbreathing
a: no special abilities


You were on level 5 of the Dungeon.
You were not hungry.

You visited 1 branch of the dungeon, and saw 6 of its levels.
You also visited: Sewer.

You collected 150 gold pieces.

Inventory:

Hand Weapons
 a - a +2 dagger (weapon)
Missiles
 h - 7 silver javelins (quivered)
 p - 21 poisoned needles
Armour
 k - a +0 ring mail (worn)
 w - a +0 cloak (worn)
 x - a +0 helmet (worn)
Scrolls
 f - 4 scrolls of fog
 o - a scroll of amnesia
 q - 4 scrolls of teleportation
 r - a scroll of enchant weapon
Potions
 e - 3 potions of curing
 i - a potion of might
 l - a potion of heal wounds
 m - a potion of agility
 s - 2 potions of cancellation
 v - a potion of resistance
Comestibles
 c - a chunk of flesh
 d - 14 rations


   Skills:
 * Level 4.1 Fighting
 * Level 3.7 Short Blades
 + Level 2.1 Throwing
 + Level 2.1 Armour
 + Level 3.0 Dodging
 + Level 4.6 Stealth
 + Level 2.9 Spellcasting
 - Level 2.4 Hexes


You had 5 spell levels left.
You knew the following spells:

 Your Spells              Type           Power        Failure   Level  Hunger
a - Corona                Hex            #......      21%         1    ##.....
b - Ensorcelled Hibernat  Hex/Ice        #.....       45%         2    ###....
c - Confuse               Hex            #.......     52%         3    ####...

Your spell library contained the following spells:

 Spells                   Type           Power        Failure   Level  Hunger
 Tukima's Dance           Hex            #.......     52%         3    ####...
 Dazzling Spray           Conj/Hex       #.....       69%         3    ####...


Dungeon Overview and Level Annotations

Branches:
Dungeon (6/15)
 Temple: D:4-7

Altars:
Dithmenos
Fedhas
Hepliaklqana

Shops:
D:4 *

Annotations:
D:3 Sigmund, Terence
D:5 Edmund, Prince Ribbit


Innate Abilities, Weirdness & Mutations

Your body is rotting away.
You thrive on raw meat.
You are immune to poison.
You have sharp fingernails.
You are carnivorous and can eat meat at any time.
Your flesh is cold resistant. (rC+)
You are immune to negative energy. (rN+++)
You do not regenerate when monsters are visible.
You are immune to unholy pain and torment.
You can survive without breathing.


Message History

You feel your intelligence returning.
Your Fighting skill increases to level 4!
Your Dodging skill increases to level 3!
The orc warrior closely misses you.
Eat one of 5 chunks of flesh? (ye/n/q)
You eat one of the 5 chunks of flesh.
This raw flesh tastes great!
The orc warrior closely misses you.
Eat one of 4 chunks of flesh? (ye/n/q)
You eat one of the 4 chunks of flesh.
This raw flesh tastes great!
The orc warrior hits you from afar with a +0 halberd!
Eat one of 3 chunks of flesh? (ye/n/q)
You eat one of the 3 chunks of flesh.
This raw flesh tastes great!
Eat one of 2 chunks of flesh? (ye/n/q)
You eat one of the 2 chunks of flesh.
This raw flesh tastes great!
The orc warrior hits you from afar with a +0 halberd!!
* * * LOW HITPOINT WARNING * * *
The orc warrior hits you with a +0 halberd!
* * * LOW HITPOINT WARNING * * *
The orc hits you from afar with a +0 trident!
You die...

#.#.......##.##############.#
+.+.......+..................
....#.#.......##..#######.######
....#.#...........## #.#
....#.#..F.........# #)#
....#.########..o#.# #.# ....#.#
.......oo#.## #.# .§§§..#
......##o#..# #.# .§§§# ......
#@##.# #.# .§§§# ......
#)##.#####.##### ##### .....
#.##...........# .....
#.###..........# .... #.#
#..........# ..# #.####.#####
### #..# #.# ##.# #.# #.# #.#


You could see an orc warrior, an orc priest and 2 orcs.

Vanquished Creatures
  Grinder (D:3)
  An ogre (D:5)
  2 centaurs
  A big kobold (Sewer)
  A bullfrog skeleton (D:4)
  An iguana (D:5)
  Robin (D:2)
  A river rat (Sewer)
  7 adders
  3 oozes (Sewer)
  An adder skeleton (D:5)
  5 worms
  3 dart slugs
  A leopard gecko (D:2)
  12 orcs
  5 bats
  5 giant cockroaches
  20 goblins
  12 hobgoblins
  A jackal (D:4)
  12 kobolds
  2 quokkas
  3 ball pythons
  5 frilled lizards
  A leopard gecko zombie (D:5)
  9 rats
116 creatures vanquished.

Notes
Turn   | Place    | Note
-------+----------+-------------------------------------------
     0 | D:1      | Borgoz the Ghoul Enchanter began the quest for the Orb.
     0 | D:1      | Reached XP level 1. HP: 14/14 MP: 2/2
    24 | D:1      | Reached skill level 1 in Short Blades
    68 | D:1      | Reached XP level 2. HP: 15/22 MP: 1/3
   222 | D:1      | Reached skill level 1 in Fighting
   301 | D:1      | Reached XP level 3. HP: 23/28 MP: 4/4
   769 | D:2      | You fall through a shaft for 2 floors!
   788 | D:4      | Found Vikonih's General Store.
   821 | D:4      | Found a shadowy altar of Dithmenos.
   893 | D:4      | Reached XP level 4. HP: 35/35 MP: 6/6
   954 | D:4      | Noticed a centaur
   972 | D:4      | Killed a centaur
   972 | D:4      | Reached skill level 1 in Throwing
   972 | D:4      | Reached skill level 1 in Armour
   972 | D:4      | Reached XP level 5. HP: 23/41 MP: 7/7
  1009 | D:3      | Noticed Grinder
  1020 | D:3      | Killed Grinder
  1020 | D:3      | Reached XP level 6. HP: 31/50 MP: 8/8
  1028 | D:3      | Learned a level 2 spell: Ensorcelled Hibernation
  1032 | D:3      | Learned a level 3 spell: Confuse
  1464 | D:2      | Noticed Robin
  1646 | D:2      | Killed Robin
  1679 | D:2      | Found a hazy altar of Hepliaklqana.
  1685 | D:2      | Found a blossoming altar of Fedhas.
  2270 | D:3      | Noticed Terence
  2270 | D:3      | Noticed Sigmund
  2320 | D:4      | Reached XP level 7. HP: 21/57 MP: 9/9
  2341 | D:5      | Entered Level 5 of the Dungeon
  2638 | D:5      | Noticed Edmund
  2722 | D:5      | Found a glowing drain.
  2731 | Sewer    | Entered a sewer
  3435 | D:5      | Noticed Prince Ribbit
  3480 | D:5      | Slain by an orc

Skill      XL: |  1  2  3  4  5  6  7 |
---------------+----------------------+-----
Short Blades   | 1 2 3 |  3.7
Fighting       | 1 2 3 4 |  4.1
Dodging        | 2 3 |  3.0
Spellcasting   | 2 |  2.9
Throwing       | 1 2 |  2.1
Armour         | 1 2 |  2.1
Stealth        | 4 |  4.6
Hexes          | |  2.4

Action                   |  1- 3 |  4- 6 |  7- 9 || total
-------------------------+-------+-------+-------++-------
Melee: Dagger            |   130 |   230 |   252 ||   612
 Cast: Ensorcelled Hiber |       |       |     5 ||     5
Evoke: Wand              |       |       |     4 ||     4
  Use: Scroll            |     1 |       |    11 ||    12
       Potion            |       |     3 |     7 ||    10
 Stab: Sleeping          |     6 |     6 |     2 ||    14
       Distracted        |       |       |     1 ||     1
  Eat: Chunk             |     8 |    17 |    21 ||    46
Armor: Robe              |     2 |       |       ||     2
       Ring mail         |    52 |    68 |    46 ||   166
Dodge: Dodged            |    53 |   113 |   104 ||   270
